 Dungeon Crawl Stone Soup version 0.30-a0-743-gbfdf073431 (webtiles) character file.

Game seed: 4509990836798414183

8542 bmack86 the Cleaver (level 11, -3/95 HPs)
             Began as a Minotaur Fighter on Feb 8, 2023.
             Was a High Priest of Okawaru.
             Constricted to death by Erica (7 damage)
             ... on level 9 of the Dungeon.
             The game lasted 00:22:08 (8055 turns).

bmack86 the Cleaver (Minotaur Fighter)              Turns: 8055, Time: 00:22:08

Health: -3/95      AC: 19    Str: 23    XL:     11   Next: 11%
Magic:  14/14      EV:  3    Int: 12    God:    Okawaru [*****.]
Gold:   504        SH: 12    Dex: 15    Spells: 10/10 levels left

rFire   . . .      SeeInvis +    l - +4 war axe "Waqeyz" {venom, rCorr Str-3 Int+7 SInv}
rCold   . . .      Faith    .    c - +1 buckler
rNeg    . . .      Spirit   .    D - +0 plate armour
rPois   .          Reflect  +    (helmet restricted)
rElec   .          Harm     .    C - +1 cloak
rCorr   +          Rampage  .    (no gloves)
Will    .....                    p - +2 pair of boots
Stlth   x                          - amulet of reflection
HPRegen 0.35/turn                v - +6 ring of dexterity
MPRegen 0.14/turn                (no ring)

@: grasped by roots, constricted, very slow
A: horns 2, retaliatory headbutt
a: Renounce Religion, Heroism, Finesse, Duel


You were on level 9 of the Dungeon.
You worshipped Okawaru.
Okawaru was extremely pleased with you.
You visited 2 branches of the dungeon, and saw 10 of its levels.

You collected 569 gold pieces.
You spent 65 gold pieces at shops.

Inventory:

Hand Weapons
 l - the +4 war axe "Waqeyz" (weapon) {venom, rCorr Str-3 Int+7 SInv}
   (You acquired it on level 6 of the Dungeon)

   Str:       It affects your strength (-3).
   Int:       It affects your intelligence (+7).
   SInv:      It lets you see invisible.
   rCorr:     It protects you from acid and corrosion.
 E - a +2 battleaxe
 F - a +4 vampiric war axe
Missiles
 a - 4 curare-tipped darts
 b - 2 javelins
 j - 43 poisoned darts (quivered)
 s - 4 boomerangs
Armour
 c - a +1 buckler (worn)
 p - a +2 pair of boots (worn)
 B - a scarf of shadows
 C - a +1 cloak (worn)
 D - a +0 plate armour (worn)
 H - a +0 tower shield
Jewellery
 v - a +6 ring of dexterity (left hand)
 x - an amulet of reflection (around neck)
Wands
 h - a wand of paralysis (16)
 z - a wand of quicksilver (14)
Scrolls
 k - a scroll of blinking
 r - 4 scrolls of teleportation
 u - 2 scrolls of magic mapping
 w - 2 scrolls of silence
 y - 2 scrolls of enchant weapon
Potions
 d - a potion of might
 e - 3 potions of flight
 f - a potion of attraction
 g - a potion of heal wounds
 i - 5 potions of curing
 m - 2 potions of cancellation
 n - 3 potions of ambrosia
 o - 3 potions of resistance
 q - a potion of mutation {unknown}
 t - 4 potions of brilliance
 I - a potion of lignification {unknown}


   Skills:
 + Level 8.8 Fighting
 * Level 11.6 Axes
 + Level 6.3 Throwing
 + Level 8.8 Armour
 + Level 8.8 Shields
 + Level 5.7 Invocations


You had 10 spell levels left.
You didn't know any spells.
Your spell library contained the following spells:

 Spells                   Type           Power      Damage    Failure   Level
 Static Discharge         Conj/Air       0%         2-2/arc   100%        2
 Inner Flame              Hex/Fire       0%         N/A       100%        3
 Portal Projectile        Hex/Tloc       0%         N/A       100%        3
 Stone Arrow              Conj/Erth      0%         3d7       100%        3
 Vhi's Electric Charge    Tloc/Air       0%         N/A       100%        3
 Flame Wave               Conj/Fire      0%         2d4       100%        4
 Leda's Liquefaction      Hex/Erth       0%         N/A       100%        4
 Sticky Flame             Conj/Fire      0%         2d3       100%        4
 Arcjolt                  Conj/Air       0%         1d10      100%        5
 Lightning Bolt           Conj/Air       0%         1d11      100%        5
 Lehudib's Crystal Spear  Conj/Erth      0%         10d2      100%        8
 Call Canine Familiar     Summ           Unusable   N/A       N/A         3
 Animate Armour           Summ/Erth      Unusable   N/A       N/A         4

Dungeon Overview and Level Annotations

Branches:
Dungeon (9/15)             Temple (1/1) D:6            Lair (0/5) D:8
    Orc: D:9-12

Altars:
Ashenzari
Dithmenos
Fedhas
Hepliaklqana
Kikubaaqudgha
Nemelex Xobeh
Okawaru
Qazlal
Ru
Sif Muna
Uskayaw
Wu Jian
Xom
Zin
The Shining One

Shops:
D:2 [   D:4 !   D:5 !   D:7 [

Annotations:
D:6 2 runed translucent doors
D:9 Erica


Innate Abilities, Weirdness & Mutations

You have a pair of horns on your head.
You reflexively headbutt those who attack you in melee.


Message History

Things that are here:
a +0 hand axe; a +0 ring mail You slash the orc!
You kill the orc!
The orc warrior unwields a +0 dire flail.
The orc warrior wields a +0 arbalest.
The orc warrior shoots a bolt.
The bolt barely misses you.
The orc warrior shoots a bolt.
The bolt hits you!
Things that are here:
a +0 club; a bullfrog corpse The orc warrior shoots a bolt.
The bolt hits you but does no damage.
The orc warrior shoots a bolt.
The bolt hits you!
* * * LOW HITPOINT WARNING * * *
The orc warrior shoots a bolt.
You reflect the bolt off an invisible shield around you!
The bolt hits the orc warrior!
The orc warrior shoots a bolt.
The bolt hits you.
* * * LOW HITPOINT WARNING * * *
The orc warrior shoots a bolt.
The bolt hits you.
* * * LOW HITPOINT WARNING * * *
The orc warrior shoots a bolt.
The bolt hits you but does no damage.
The orc warrior shoots a bolt.
The bolt hits you.
* * * LOW HITPOINT WARNING * * *
The orc warrior unwields a +0 arbalest.
The orc warrior wields a +0 dire flail.
You block the orc warrior's attack.
Erica the Fiery-Tempered comes into view.
She is wielding a +3 scimitar of flaming, wearing a +2 robe of willpower and carrying a wand of roots (1).
The orc warrior hits you with a +0 dire flail!
* * * LOW HITPOINT WARNING * * *
You enter the shallow water.
Moving in this stuff is going to be slow.
You block the orc warrior's attack.
Erica zaps a wand.
The roots erupt in riotous growth!
The grasping roots grab you!
The orc warrior is unaffected.
The now-empty wand crumbles to dust.
The grasping roots constrict you.
* * * LOW HITPOINT WARNING * * *
The orc warrior hits you with a +0 dire flail.
* * * LOW HITPOINT WARNING * * *
The grasping roots constrict you!
You die...

#.........# ..
#.........# ...
#.......... #
...##........# .##
.............###..
................###....
....#@..................
.......@o.......###.....
...#...~........#.......
##.~.~.~.............
#............<....##
#.....#..##.......##
#........))(........
#...######).......##
.....# #.(........#.
.#...# ##.#.....>....


You could see Erica and an orc warrior.

Vanquished Creatures
  3 death yaks (D:8)
  A kobold demonologist (D:8)
  A troll (D:6)
  2 hornets (D:7)
  2 shadows (D:9)
  2 wyverns
  4 yaks (D:8)
  Menkaure (D:4)
  2 steam dragons
  A water moccasin (D:6)
  An orc warrior (D:7)
  A sky beast (D:6)
  2 ice beasts
  3 black bears
  2 ogres
  4 centaurs
  4 phantoms
  4 kobold brigands
  9 scorpions
  5 bullfrogs
  4 necrophages (D:6)
  6 wights (D:7)
  2 killer bees (D:9)
  4 howler monkeys
  7 hounds
  4 jellies
  Jessica (D:2)
  2 orc wizards
  4 iguanas
  4 gnolls (D:4)
  12 adders
  3 shadow imps
  4 white imps
  An ufetubus (D:4)
  4 dart slugs
  26 orcs
  13 bats
  5 endoplasms
  A giant cockroach (D:1)
  6 goblins
  7 hobgoblins
  5 jackals (D:4)
  7 ball pythons
  12 frilled lizards
  44 kobolds
  10 kobold skeletons (D:8)
  8 kobold zombies (D:8)
  9 rats
269 creatures vanquished.

Vanquished Creatures (others)
  A yak (D:8)
  A frilled lizard (D:2)
2 creatures vanquished.

Grand Total: 271 creatures vanquished

Notes
Turn   | Place    | Note
-------+----------+-------------------------------------------
     0 | D:1      | bmack86 the Minotaur Fighter began the quest for the Orb.
     0 | D:1      | Reached XP level 1. HP: 19/19 MP: 0/0
   163 | D:1      | Reached XP level 2. HP: 25/27 MP: 1/1
   192 | D:1      | Reached skill level 3 in Axes
   581 | D:1      | Reached XP level 3. HP: 24/33 MP: 2/2
   921 | D:2      | Noticed Jessica
   930 | D:2      | Killed Jessica
   931 | D:2      | Reached XP level 4. HP: 39/40 MP: 3/3
   950 | D:2      | Reached skill level 4 in Axes
   995 | D:2      | Found a faded altar of an unknown god.
  1350 | D:2      | Found Vila's Armour Boutique.
  1494 | D:3      | Reached XP level 5. HP: 40/47 MP: 2/4
  1565 | D:3      | Reached skill level 1 in Throwing
  2549 | D:4      | Noticed a phantom
  2558 | D:4      | Killed a phantom
  2559 | D:4      | Reached skill level 5 in Axes
  2559 | D:4      | Reached XP level 6. HP: 23/55 MP: 5/5
  2631 | D:4      | Reached skill level 5 in Armour
  2642 | D:4      | Reached skill level 5 in Fighting
  2642 | D:4      | Reached skill level 5 in Shields
  2753 | D:4      | Found Xyrig's Distillery.
  2775 | D:4      | Bought a potion of heal wounds for 65 gold pieces
  2804 | D:4      | Found a broken altar of Ashenzari.
  3107 | D:4      | Noticed Menkaure
  3113 | D:4      | Killed Menkaure
  3114 | D:4      | Reached XP level 7. HP: 61/61 MP: 6/6
  3190 | D:4      | You fall into a shaft and drop 2 floors!
  3191 | D:6      | Found a staircase to the Ecumenical Temple.
  3206 | D:6      | Reached skill level 6 in Axes
  3213 | Temple   | Entered the Ecumenical Temple
  3281 | Temple   | Became a worshipper of Warmaster Okawaru
  3404 | D:6      | Reached skill level 1 in Invocations
  3667 | D:5      | Entered Level 5 of the Dungeon
  3685 | D:5      | Reached XP level 8. HP: 64/70 MP: 7/7
  3701 | D:5      | Reached * piety under Okawaru
  3702 | D:5      | Reached skill level 7 in Axes
  4366 | D:5      | Found Isheism's Distillery.
  5168 | D:6      | Identified a scroll of acquirement
  5168 | D:6      | Acquired the +4 war axe "Waqeyz" {venom, rCorr Str-3 Int+7
                  | SInv}
  5264 | D:6      | Found a large runed translucent door.
  5267 | D:6      | Found a large runed translucent door.
  5275 | D:6      | Reached ** piety under Okawaru
  5276 | D:6      | Reached skill level 8 in Axes
  5289 | D:6      | Reached XP level 9. HP: 75/78 MP: 10/10
  5293 | D:6      | Noticed a troll
  5299 | D:6      | Killed a troll
  5377 | D:6      | Found a large runed translucent door.
  5377 | D:6      | Found a large runed translucent door.
  5390 | D:6      | Identified the +4 double sword of Gloom {drain, rPois rC+
                  | SInv}
  5591 | D:6      | Reached skill level 9 in Axes
  5602 | D:6      | Reached *** piety under Okawaru
  5901 | D:7      | Reached skill level 5 in Throwing
  5908 | D:7      | Paralysed by a hornet for 3 turns
  5912 | D:7      | Reached **** piety under Okawaru
  5912 | D:7      | Received a gift from Okawaru
  6169 | D:7      | Reached XP level 10. HP: 78/85 MP: 12/12
  6202 | D:7      | Paralysed by a hornet for 2 turns
  6207 | D:7      | Reached skill level 10 in Axes
  6510 | D:7      | Identified the +6 morningstar "Lelibo" {freeze, rF+ rN+
                  | Stlth-}
  6690 | D:7      | Found Lodbrok's Dragon-Slaying Spoils.
  6830 | D:7      | Found a hazy altar of Hepliaklqana.
  6936 | D:8      | Noticed a death yak
  6938 | D:8      | Noticed a death yak
  6941 | D:8      | Found a staircase to the Lair.
  6941 | D:8      | Noticed a death yak
  6946 | D:8      | Killed a death yak
  6954 | D:8      | Reached skill level 5 in Invocations
  6955 | D:8      | Killed a death yak
  6955 | D:8      | Received a gift from Okawaru
  6958 | D:8      | Killed a death yak
  6958 | D:8      | Reached ***** piety under Okawaru
  6959 | D:8      | Reached skill level 11 in Axes
  7315 | D:8      | Found a stormy altar of Qazlal.
  7574 | D:8      | Found an ancient bone altar of Kikubaaqudgha.
  7580 | D:8      | Noticed an orange demon
  7588 | D:8      | Reached XP level 11. HP: 93/95 MP: 12/14
  8025 | D:9      | Received a gift from Okawaru
  8052 | D:9      | Noticed Erica
  8055 | D:9      | HP: 4/95 [orc warrior/+0 dire flail (5)]
  8055 | D:9      | Constricted to death by Erica

Illustrated notes

Levels and vault maps discovered:
D:1:      wheals_arrival_shading, layout_basic
D:2:      layout_rooms, serial_glass, glass_columns_c, glass_columns_c,
          feat_on_display, feat_on_display, item_on_display_a, serial_shops,
          shop_fountains, shapermc_ecumenical_altar_hornbeckon, nrook_campfire,
          chequers_serial_rivers_micro_e, minmay_misc_feat_iff,
          minmay_lizard_pond, uniq_jessica
D:3:      layout_basic
D:4:      layout_cave_pods, evilmike_ruin_ashenzari, serial_shops,
          nicolae_shop_statue_plus, uniq_menkaure
D:5:      layout_layer_cave, serial_shops, shop, nicolae_sextant,
          minmay_misc_feat_secret_circle
D:6:      layout_gridville, minmay_temple_entry_mini_moons,
          minmay_hollow_rounded_squares
D:7:      kennysheep_six_static_rooms, layout_loops_ring,
          mainiacjoe_overflow_brackets, nicolae_shop_dragon_depot
D:8:      wander_kiku_kobolds, layout_basic, grunt_qazlal_sundering,
          dpeg_lair_monsters
D:9:      layout_rooms, mainiacjoe_overflow_alcove_1, serial_rivers,
          chequers_serial_rivers_micro_c, chequers_serial_rivers_small_a,
          chequers_serial_rivers_micro_b, chequers_serial_rivers_small_b,
          chequers_serial_rivers_large_a, minmay_alternating_orb, uniq_erica
Temple:   regret_index_temple_chain_breaker

Skill      XL: |  1  2  3  4  5  6  7  8  9 10 |
---------------+-------------------------------+-----
Axes           | 3 4 5 6 8 9 11 | 11.6
Shields        | 4 5 6 7 8 |  8.8
Armour         | 4 5 6 7 8 |  8.8
Fighting       | 4 5 6 7 8 |  8.8
Throwing       | 1 2 3 4 5 6 |  6.3
Invocations    | 1 3 4 5 |  5.7

Action                     |  1- 3 |  4- 6 |  7- 9 | 10-12 || total
---------------------------+-------+-------+-------+-------++-------
  Melee: War axe           |    67 |   120 |   208 |   121 ||   516
         Headbutt          |     4 |    15 |    40 |    32 ||    91
 Invoke: Heroism           |       |       |       |     3 ||     3
    Use: Scroll            |     1 |     8 |     6 |     6 ||    21
 Armour: Scale mail        |    60 |    76 |    48 |       ||   184
         Chain mail        |       |       |    71 |       ||    71
         Plate armour      |       |       |    19 |    84 ||   103
  Dodge: Dodged            |    47 |    97 |    97 |    45 ||   286
  Block: Buckler           |    25 |    55 |    64 |    60 ||   204
         Reflection        |       |       |       |     1 ||     1

Table legend: (Time is in decaauts)
 A = Elapsed time spent in this place.
 B = Non-inter-level travel time spent in this place.
 C = Inter-level travel time spent in this place.
 D = Time resting spent in this place.
 E = Time spent auto-exploring this place.
 F = Levels seen in this place.
 G = Mean time per level.
                   A        B        C        D        E       F      G
               +--------+--------+--------+--------+--------+-----+--------+
         Total |   8150 |   7881 |    269 |    118 |   5190 |  10 |  815.0 |
       Dungeon |   8056 |   7794 |    262 |    118 |   5128 |   9 |  895.1 |
        Temple |     94 |     87 |      7 |      0 |     62 |   1 |   94.0 |
               +--------+--------+--------+--------+--------+-----+--------+

Top non-repeatable levels by time:
     D:5: 1201 daAuts
     D:7: 1146 daAuts
     D:4: 1086 daAuts
     D:6: 1029 daAuts
     D:3: 990 daAuts
     D:8: 971 daAuts
     D:1: 774 daAuts
     D:2: 720 daAuts
     D:9: 135 daAuts
  Temple: 94 daAuts
